 Dungeon Crawl Stone Soup version 0.22.1-5-g62c59d9 (webtiles) character file.

8132 Kairos the Cleaver (level 11, -7/85 HPs)
             Began as a Vine Stalker Fighter on Jan 9, 2019.
             Was an Elder of Okawaru.
             Mangled by a minotaur (10 damage)
             ... in a labyrinth.
             The game lasted 00:26:55 (8303 turns).

Kairos the Cleaver (Vine Stalker Fighter)           Turns: 8303, Time: 00:26:56

Health: -7/85      AC: 11    Str: 28    XL:     11   Next: 26%
Magic:  0/21       EV: 11    Int: 13    God:    Okawaru [****..]
Gold:   527        SH: 12    Dex: 17    Spells: 10/10 levels left

rFire    . . .     SeeInvis .   t - +3 hand axe (elec)
rCold    . . .     Gourm    .   c - +0 shield
rNeg     + . .     Faith    .   w - +0 scale mail of the Buccaneer {rN+ Int+5 Dex+4} (curse)
rPois    .         Spirit   +   b - +1 helmet
rElec    .         Reflect  .   p - +0 cloak
rCorr    .         Harm     .   (no gloves)
MR       +....                  (no boots)
Stlth    ..........             I - amulet of rage
HPRegen  0.64/turn              i - ring of magical power
MPRegen  0.17/turn              (no ring)

@: berserking, very quick
A: fangs 3, regeneration 1, magic shield, antimagic bite, no potion heal 3, rot
immunity
a: Heroism, Renounce Religion, Evoke Berserk Rage


You were in a labyrinth.
You worshipped Okawaru.
Okawaru was greatly pleased with you.
You were not hungry.

You visited 3 branches of the dungeon, and saw 11 of its levels.
You also visited: Labyrinth.

You collected 663 gold pieces.
You spent 136 gold pieces at shops.

Inventory:

Hand Weapons
 t - a +3 hand axe of electrocution (weapon)
Armour
 b - a +1 helmet (worn)
 c - a +0 shield (worn)
 p - a +0 cloak (worn)
 w - the cursed +0 scale mail of the Buccaneer (worn) {rN+ Int+5 Dex+4}
   (You found it on level 5 of the Dungeon)

   It affects your intelligence (+5).
   It affects your dexterity (+4).
   It protects you from negative energy.
   It has a curse placed upon it.
Jewellery
 a - an uncursed ring of wizardry
 i - a ring of magical power (left hand)
 B - a +3 amulet of reflection
 E - an uncursed ring of fire
 I - an amulet of rage (around neck)
Wands
 e - a wand of acid (6)
 l - a wand of random effects (24)
 C - a wand of paralysis (23)
 D - a wand of flame (91)
 F - a wand of digging (17)
Scrolls
 g - 3 scrolls of remove curse
 j - 3 scrolls of fog
 q - 3 scrolls of random uselessness
 s - 2 scrolls of enchant armour
 v - 3 scrolls of blinking
 x - 4 scrolls of teleportation
 y - 4 scrolls of fear
 A - a scroll of identify
 H - a scroll of amnesia
 J - 3 scrolls of immolation
Potions
 d - 3 potions of might
 h - 6 potions of curing
 k - 3 potions of resistance
 m - 6 potions of mutation {unknown}
 n - a potion of degeneration {unknown}
 o - 2 potions of flight {unknown}
 r - 4 potions of ambrosia {unknown}
 u - 4 potions of brilliance {unknown}
 z - a potion of agility
 G - a potion of cancellation {unknown}
Comestibles
 f - 17 rations


   Skills:
 + Level 6.3 Fighting
 + Level 9.5 Axes
 + Level 6.6 Armour
 + Level 4.0 Dodging
 + Level 1.4 Stealth
 + Level 8.3 Shields
 + Level 0.1 Invocations


You had 10 spell levels left.
You didn't know any spells.
Your spell library contained the following spells:

 Spells                   Type           Power        Failure   Level  Hunger
 Corona                   Hex            #......      83%         1    ##.....
 Magic Dart               Conj           #...         83%         1    ##.....
 Sting                    Conj/Pois      #...         83%         1    ##.....
 Summon Small Mammal      Summ           #...         83%         1    ##.....
 Blink                    Tloc           N/A          92%         2    ###....
 Call Imp                 Summ           #.......     92%         2    ###....
 Poisonous Vapours        Pois/Air       #.....       92%         2    ###....
 Slow                     Hex            #.......     92%         2    ###....
 Call Canine Familiar     Summ           #.......     99%         3    ####...
 Conjure Flame            Conj/Fire      #.......     99%         3    ####...
 Inner Flame              Hex/Fire       #.......     99%         3    ####...
 Mephitic Cloud           Conj/Pois/Air  #.......     99%         3    ####...
 Portal Projectile        Hex/Tloc       #.....       99%         3    ####...
 Summon Guardian Golem    Hex/Summ       #.......     99%         3    ####...
 Cause Fear               Hex            #.........   100%        4    #####..
 Leda's Liquefaction      Hex/Erth       #.........   100%        4    #####..
 Olgreb's Toxic Radiance  Pois           #.......     100%        4    #####..
 Summon Ice Beast         Ice/Summ       #.......     100%        4    #####..
 Summon Lightning Spire   Summ/Air       #.......     100%        4    #####..
 Venom Bolt               Conj/Pois      #.........   100%        5    ######.
 Freezing Cloud           Conj/Ice/Air   #.........   100%        6    #######
 Ring of Flames           Chrm/Fire      #.........   100%        7    #######


Dungeon Overview and Level Annotations

Branches:
Dungeon (9/15)             Temple (1/1) D:6            Lair (1/6) D:9
    Orc: D:9-12

Altars:
Ashenzari
Cheibriados
Dithmenos
Elyvilon
Fedhas
Gozag
Hepliaklqana
Kikubaaqudgha
Makhleb
Nemelex Xobeh
Okawaru
Qazlal
Ru
Sif Muna
Trog
Uskayaw
Vehumet
Wu Jian
Xom
Yredelemnul
Zin
The Shining One

Shops:
D:5 ?


Innate Abilities, Weirdness & Mutations

You have razor-sharp teeth.
Your natural rate of healing is unusually fast.
When hurt, damage is shared between your health and your magic reserves.
Your bite disrupts and absorbs the magic of your enemies.
Potions cannot restore your health.
You are immune to rotting.


Message History

The minotaur is heavily wounded.
You closely miss the minotaur.
The minotaur furiously retaliates!
The minotaur headbutts you!
* * * LOW HITPOINT WARNING * * *
You bite the minotaur!! You drain its power.
You feel invigorated.
The minotaur is severely wounded.
You block the minotaur's attack.
The minotaur gores you but does no damage.
You slash the minotaur!
The minotaur is almost dead.
You barely miss the minotaur.
The minotaur furiously retaliates!
The minotaur headbutts you.
* * * LOW HITPOINT WARNING * * *
Your bite misses the minotaur.
The minotaur is almost dead.
You feel like a meek peon again. The minotaur hits you!!
* * * LOW HITPOINT WARNING * * *
The minotaur gores you!
You die...

#. ## # # ##
#. # # #
#..... # #
##. . #.###
.. . . . #.
### # # # #
##. ##+###
#..###.⌠..#
#..'.'@H.⌠+
#....###<...#
## #.# #..⌠.#
.# ###+## #..
...# ###. .#


You could see a minotaur.

Vanquished Creatures
  Harold (Lair:1)
  A two-headed ogre (D:9)
  Pikel (D:6)
  A black mamba (Lair:1)
  A troll (D:9)
  A hornet (D:9)
  2 hippogriffs
  Sigmund (D:3)
  A spriggan (D:8)
  A basilisk (Lair:1)
  Eustachio (D:6)
  A hungry ghost (D:9)
  2 porcupines (Lair:1)
  A water moccasin (D:5)
  An orc warrior (D:8)
  2 phantoms
  A sky beast (D:7)
  A slave (D:5)
  4 ice beasts
  5 ogres
  2 wolves (D:9)
  4 centaurs
  3 crocodiles (Lair:1)
  7 bullfrogs
  A wyvern zombie (D:9)
  A water moccasin zombie (D:8)
  A water moccasin skeleton (D:5)
  2 scorpions
  5 wights (D:7)
  2 howler monkeys
  2 electric eels (D:9)
  3 crimson imps
  A centaur zombie (D:3)
  9 hounds
  2 orc priests
  2 jellies
  2 bullfrog skeletons
  2 centaur skeletons
  Jessica (D:3)
  6 iguanas
  3 orc wizards
  3 worker ants
  A worker ant zombie (D:7)
  Robin (D:2)
  14 adders
  5 gnolls
  2 shadow imps (D:9)
  3 oozes
  2 adder skeletons
  2 worms
  A dart slug (D:2)
  13 leopard geckos
  23 orcs
  8 giant cockroaches
  20 goblins
  13 hobgoblins
  9 jackals
  4 quokkas
  A ball python (D:5)
  4 bats
  6 frilled lizards
  2 jackal zombies
  8 kobolds
  A leopard gecko skeleton (D:5)
  2 quokka skeletons
  A quokka zombie (D:5)
  9 rats
249 creatures vanquished.

Notes
Turn   | Place    | Note
-------+----------+-------------------------------------------
     0 | D:1      | Kairos the Vine Stalker Fighter began the quest for the
                  | Orb.
     0 | D:1      | Reached XP level 1. HP: 11/11 MP: 2/2
    52 | D:1      | Reached XP level 2. HP: 16/16 MP: 3/3
   623 | D:2      | Reached XP level 3. HP: 20/20 MP: 4/4
   624 | D:2      | Reached skill level 2 in Axes
   670 | D:2      | Noticed Robin
   696 | D:2      | Killed Robin
   696 | D:2      | Gained mutation: Your natural rate of healing is unusually
                  | fast. [Vine Stalker growth]
   696 | D:2      | Reached XP level 4. HP: 8/24 MP: 5/5
  1325 | D:3      | Reached XP level 5. HP: 20/28 MP: 6/6
  1326 | D:3      | Reached skill level 1 in Dodging
  1350 | D:3      | Noticed Sigmund
  1395 | D:3      | Killed Sigmund
  1395 | D:3      | Reached skill level 3 in Axes
  1395 | D:3      | Reached XP level 6. HP: 17/33 MP: 7/7
  1442 | D:3      | Noticed Jessica
  1448 | D:3      | Killed Jessica
  2056 | D:4      | Reached skill level 4 in Axes
  2056 | D:4      | Reached XP level 7. HP: 14/37 MP: 8/8
  2208 | D:4      | Found a white marble altar of Elyvilon.
  2791 | D:5      | Entered Level 5 of the Dungeon
  2890 | D:5      | Reached skill level 5 in Axes
  2890 | D:5      | Gained mutation: You have razor-sharp teeth. [Vine Stalker
                  | growth]
  2890 | D:5      | Reached XP level 8. HP: 34/42 MP: 9/9
  3246 | D:5      | Got a distressingly furry scale mail
  3257 | D:5      | Identified the cursed +0 scale mail of the Buccaneer {rN+
                  | Int+5 Dex+4} (You found it on level 5 of the Dungeon)
  3280 | D:5      | Found Fucifedd's Magic Scroll Shop.
  3309 | D:5      | Bought a scroll of teleportation for 39 gold pieces
  3309 | D:5      | Bought a scroll of enchant weapon for 97 gold pieces
  3559 | D:5      | Reached skill level 6 in Axes
  3903 | D:6      | Found a sparkling altar of Nemelex Xobeh.
  3903 | D:6      | Noticed Pikel
  3904 | D:6      | Noticed Eustachio
  4005 | D:6      | Reached skill level 5 in Shields
  4195 | D:6      | Reached XP level 9. HP: 46/46 MP: 10/10
  4294 | D:6      | Killed Pikel
  4294 | D:6      | Reached skill level 5 in Fighting
  4294 | D:6      | Reached skill level 1 in Stealth
  4406 | D:6      | Reached skill level 7 in Axes
  4448 | D:6      | Found a staircase to the Ecumenical Temple.
  4497 | D:6      | Killed Eustachio
  4528 | Temple   | Entered the Ecumenical Temple
  4621 | Temple   | Became a worshipper of Warmaster Okawaru
  4835 | D:7      | Reached skill level 5 in Armour
  4951 | D:7      | Reached * piety under Okawaru
  5038 | D:7      | Reached XP level 10. HP: 50/51 MP: 11/11
  5134 | D:7      | Reached skill level 8 in Axes
  5656 | D:8      | Reached ** piety under Okawaru
  6518 | D:9      | Noticed a two-headed ogre
  6524 | D:9      | Killed a two-headed ogre
  6524 | D:9      | Reached *** piety under Okawaru
  6610 | D:9      | Reached skill level 9 in Axes
  6852 | D:9      | Found a blossoming altar of Fedhas.
  6937 | D:9      | Found a staircase to the Lair.
  7495 | Lair:1   | Entered Level 1 of the Lair of Beasts
  7525 | Lair:1   | Noticed a black mamba
  7530 | Lair:1   | Killed a black mamba
  7530 | Lair:1   | Reached XP level 11. HP: 40/56 MP: 12/12
  7566 | Lair:1   | Noticed Harold
  7596 | Lair:1   | Killed Harold
  7596 | Lair:1   | Reached **** piety under Okawaru
  7771 | Lair:1   | Found a labyrinth entrance.
  7784 | Lab      | Entered a labyrinth
  8279 | Lab      | Noticed a minotaur
  8303 | Lab      | HP: 3/85 [minotaur (10)]
  8303 | Lab      | Mangled by a minotaur

Skill      XL: |  1  2  3  4  5  6  7  8  9 10 11 |
---------------+----------------------------------+-----
Shields        | 3 4 5 6 8 |  8.3
Fighting       | 3 4 5 6 |  6.3
Axes           | 2 3 4 5 6 7 9 |  9.5
Armour         | 3 4 5 6 |  6.6
Dodging        | 1 2 3 4 |  4.0
Stealth        | 1 |  1.4
Invocations    | |  0.1

Action                   |  1- 3 |  4- 6 |  7- 9 | 10-12 || total
-------------------------+-------+-------+-------+-------++-------
Melee: War axe           |    84 |   149 |   116 |       ||   349
       Bite              |    23 |    37 |   101 |    98 ||   259
       Hand axe          |       |       |   178 |   230 ||   408
Invok: Heroism           |       |       |       |     3 ||     3
 Abil: Evoke Berserk Rag |       |       |       |     1 ||     1
  Use: Scroll            |       |       |    11 |     7 ||    18
  Eat: Chunk             |       |     3 |    11 |     5 ||    19
       Ration            |       |       |       |     3 ||     3
Armor: Scale mail        |    45 |    71 |    91 |    48 ||   255
Dodge: Dodged            |    29 |    55 |    95 |    50 ||   229
Block: Shield            |    48 |    90 |   184 |   124 ||   446
       Reflection        |       |       |     3 |     4 ||     7
